 Dungeon Crawl Stone Soup version 0.29-a0-923-g6e406bff71 (webtiles) character file.

Game seed: 14463893924246867826

87 Ajdolov the Chiller (level 4, -6/18 HPs)
             Began as a Felid Ice Elementalist on July 27, 2022.
             Mangled by Sigmund
             ... wielding a +0 scythe
              (8 damage)
             ... on level 3 of the Dungeon.
             The game lasted 00:07:20 (4458 turns).

Ajdolov the Chiller (Felid Ice Elementalist)        Turns: 4458, Time: 00:07:20

Health: -6/18      AC:  7    Str: 10    XL:     4   Next: 28%
Magic:  3/8        EV: 17    Int: 18    God:
Gold:   77         SH:  0    Dex: 16    Spells: 0/7 levels left
                                        Lives:  0   Deaths: 1

rFire   . . .      SeeInvis +   (weapon unavailable)
rCold   . . .      Faith    .   (shield unavailable)
rNeg    . . .      Spirit   .   (body armour unavailable)
rPois   .          Reflect  .   (helmet unavailable)
rElec   .          Harm     .   (cloak unavailable)
rCorr   .          Rampage  .   (gloves unavailable)
Will    .....                   (boots unavailable)
Stlth   ++........              (no amulet)
HPRegen 0.06/turn               h - +6 ring of strength
MPRegen 0.11/turn               (no ring)

@: ice-armoured, quick
A: very small, claws 1, fangs 3, see invisible, speed 1, shaggy fur 1, stealthy
paws, no weapons or thrown items, no armour, multi-lived
a: no special abilities


You were on level 3 of the Dungeon.
You visited 1 branch of the dungeon, and saw 3 of its levels.

You collected 77 gold pieces.

Inventory:

Jewellery
 h - a +6 ring of strength (left paw)
Wands
 p - a wand of paralysis (5)
Scrolls
 c - 2 scrolls of vulnerability {unknown}
 i - a scroll of enchant armour {unknown}
 j - 4 scrolls of identify {unknown}
 k - a scroll of enchant weapon {unknown}
 l - a scroll of torment {unknown}
 m - a scroll of silence {unknown}
 n - 2 scrolls of teleportation {unknown}
Potions
 a - a potion of magic
 b - 2 potions of resistance {unknown}
 d - a potion of heal wounds {unknown}
 e - a potion of invisibility {unknown}
 f - a potion of attraction {unknown}
 g - a potion of might {unknown}
 o - a potion of haste {unknown}


   Skills:
 + Level 0.9 Fighting
 - Level 2.6 Dodging
 - Level 2.6 Stealth
 - Level 2.0 Spellcasting
 * Level 5.8 Ice Magic


You couldn't memorise any spells.
You knew the following spells:

 Your Spells              Type           Power      Damage    Failure   Level
a - Freeze                Ice            88%        1d10      1%          1
b - Frozen Ramparts       Ice            44%        1d6       4%          3
c - Ozocubu's Armour      Ice            22%        N/A       4%          3

Your spell library contained the following spells:

 Spells                   Type           Power      Damage    Failure   Level
 Sandblast                Erth           2%         2d4       19%         1
 Passwall                 Tmut/Erth      0%         N/A       26%         2
 Stone Arrow              Conj/Erth      2%         3d7       47%         3
 Hailstorm                Conj/Ice       12%        3d5       50%         4


Dungeon Overview and Level Annotations

Branches:
Dungeon (3/15)

Altars:

Annotations:
D:2 exclusion: 2 worms
D:3 exclusion: phantom, Sigmund


Innate Abilities, Weirdness & Mutations

You have sharp claws.
You have razor-sharp teeth.
You have supernaturally acute eyesight. (SInv)
You cover ground quickly. (Speed+)
You are covered in fur. (AC +1)
Your paws help you pounce on unaware monsters.
You are incapable of wielding weapons or throwing items.
You cannot wear armour.
You gain extra lives every three experience levels.


Message History

You start waiting.
Sigmund is nearby!
Casting: Frozen Ramparts (quite dangerous; 4% risk of failure)
Confirm with . or Enter, or press ? or * to list all spells.
The spell is quite dangerous to miscast (4% risk of failure)!
Continue anyway?
Casting: Frozen Ramparts (quite dangerous; 4% risk of failure)
Press: ? - help, Dir - look around, f - activate The walls around you are covered in ice.
Casting: Frozen Ramparts (quite dangerous; 4% risk of failure)
Confirm with . or Enter, or press ? or * to list all spells.
You can't see any susceptible monsters within range! (Use Z to cast anyway.) Unknown command.
Unknown command.
Casting: Frozen Ramparts (quite dangerous; 4% risk of failure)
Confirm with . or Enter, or press ? or * to list all spells.
The spell is quite dangerous to miscast (4% risk of failure)!
Continue anyway?
A film of ice covers your body!
The wall freezes Sigmund.
The wall freezes Sigmund.
Sigmund hits you from afar with a +0 scythe!
The wall freezes Sigmund.
Sigmund barely misses you.
The wall freezes Sigmund.
Sigmund casts a spell at you.
You are confused.
The wall freezes Sigmund.
Sigmund points at you and mumbles some strange words.
The magic dart hits you!
* * * LOW HITPOINT WARNING * * *
The wall freezes Sigmund.
Sigmund hits you from afar with a +0 scythe.
* * * LOW HITPOINT WARNING * * *
The frozen ramparts melt away.
You're too confused to cast spells.
Your icy armour will break if you move.
Continue?
You bump into the rock wall.
Sigmund barely misses you.
You're too confused to cast spells.
Your icy armour will break if you move.
Continue?
You bump into the rock wall.
You feel less confused.
Sigmund hits you from afar with a +0 scythe!
You die...

.....# #.###.# ###.### ######
#.# #.# #.# ###.# #@# #.###
##.>.# #.# #.[.. #..### #.#
#..## #.## #.# #..# #.# #.# #..#
#.# ##.########## #..# #.#
#...@.@.....# #..# #.#
#..########.# #..# ###.#####..#
#.# #..# ###...[......# #.# #..#
............## #.# #..#
###.#.########## #.# #..#
....#W##.......######.##### #..#
##### #.............#....###..#
.####.##.......####.###........#


You could see Sigmund.

Vanquished Creatures
  4 gnolls (D:2)
  2 adders (D:2)
  A dart slug (D:1)
  13 orcs
  7 bats
  5 endoplasms
  A giant cockroach (D:1)
  4 goblins
  11 hobgoblins
  6 jackals (D:3)
  3 quokkas
  6 ball pythons
  3 frilled lizards
  5 kobolds
  6 rats
77 creatures vanquished.

Notes
Turn   | Place    | Note
-------+----------+-------------------------------------------
     0 | D:1      | Ajdolov the Felid Ice Elementalist began the quest for the
                  | Orb.
     0 | D:1      | Reached XP level 1. HP: 7/7 MP: 4/4
   233 | D:1      | Reached skill level 4 in Ice Magic
   329 | D:1      | Reached XP level 2. HP: 11/11 MP: 3/6
  1304 | D:1      | Reached XP level 3. HP: 14/14 MP: 4/7
  1566 | D:1      | Learned a level 3 spell: Frozen Ramparts
  1573 | D:2      | Found a faded altar of an unknown god.
  1955 | D:2      | Reached skill level 5 in Ice Magic
  1974 | D:2      | Reached XP level 4. HP: 8/18 MP: 3/8
  2942 | D:2      | Learned a level 3 spell: Ozocubu's Armour
  3231 | D:3      | Noticed a phantom
  3341 | D:3      | Noticed Sigmund
  3360 | D:3      | Slain by Sigmund
  3361 | D:3      | Reached XP level 3. HP: -2/15 MP: 0/7
  3532 | D:3      | Reached XP level 4. HP: 18/18 MP: 5/8
  4458 | D:3      | Mangled by Sigmund

Illustrated notes

Levels and vault maps discovered:
D:1:      amcnicky_arrival_flooded_fountain, layout_basic
D:2:      layout_rooms, shapermc_ecumenical_altar_venn, hangedman_feature_mirror
D:3:      layout_loops_ring, uniq_sigmund, uniq_crazy_yiuf_cottage

Skill      XL: |  1  2  3 |
---------------+----------+-----
Ice Magic      | 4 5 |  5.8
Fighting       | |  0.9
Dodging        | |  2.6
Stealth        | |  2.6
Spellcasting   | |  2.0

Action                   |  1- 3 |  4- 6 || total
-------------------------+-------+-------++-------
Melee: Unarmed           |    19 |    36 ||    55
       Bite              |     2 |     1 ||     3
 Cast: Freeze            |    47 |     7 ||    54
       Frozen Ramparts   |     3 |    14 ||    17
       Ozocubu's Armour  |       |     3 ||     3
 Stab: Sleeping          |     1 |     4 ||     5
Armor: Skin              |     3 |     3 ||     6
Dodge: Dodged            |    53 |    50 ||   103

Table legend: (Time is in decaauts)
 A = Elapsed time spent in this place.
 B = Non-inter-level travel time spent in this place.
 C = Inter-level travel time spent in this place.
 D = Time resting spent in this place.
 E = Time spent auto-exploring this place.
 F = Levels seen in this place.
 G = Mean time per level.
                   A        B        C        D        E       F      G
               +--------+--------+--------+--------+--------+-----+--------+
         Total |   3999 |   3941 |     58 |    763 |   2560 |   3 | 1333.0 |
       Dungeon |   3999 |   3941 |     58 |    763 |   2560 |   3 | 1333.0 |
               +--------+--------+--------+--------+--------+-----+--------+

Top non-repeatable levels by time:
     D:1: 1393 daAuts
     D:3: 1350 daAuts
     D:2: 1255 daAuts
